 Dungeon Crawl Stone Soup version 0.18.1-48-g4cf74bf (webtiles) character file.

46 Darkabus the Skirmisher (level 3, -4/33 HPs)
             Began as a Hill Orc Fighter on July 29, 2016.
             Slain by an adder (5 damage)
             ... on level 2 of the Dungeon.
             The game lasted 00:11:06 (1805 turns).

Darkabus the Skirmisher (Hill Orc Fighter)          Turns: 1805, Time: 00:11:07

Health: -4/33      AC:  3    Str: 18    XL:     3   Next: 66%
Magic:  3/3        EV: 11    Int:  8    God:
Gold:   64         SH:  0    Dex: 11    Spells: 0 memorised, 2 levels left

rFire  . . .     SeeInvis .     s - -1 halberd (curse)
rCold  . . .     Gourm    .     j - +0 robe (curse)
rNeg   . . .     Faith    .     (shield currently unavailable)
rPois  .         Spirit   .     (no helmet)
rElec  .         Dismiss  .     (no cloak)
rCorr  .         Reflect  .     (no gloves)
SustAt .         Harm     .     k - +0 pair of boots
MR     .....                    (no amulet)
Stlth  ..........               (no ring)
                                p - ring of loudness (curse)

@: not resistant to hostile enchantments, extremely unstealthy
A: no striking features
a: no special abilities


You were on level 2 of the Dungeon.
You were not hungry.

You visited 1 branch of the dungeon, and saw 3 of its levels.

You collected 64 gold pieces.

Inventory:

Hand Weapons
 a - a +0 long sword
 s - a cursed -1 halberd (weapon)
Armour
 b - a +0 scale mail
 c - a +0 shield
 j - a cursed +0 robe (worn)
 k - a +0 pair of boots (worn)
 q - a +0 plate armour
Jewellery
 p - a cursed ring of loudness (left hand)
Scrolls
 l - 3 scrolls of enchant armour {unknown}
Potions
 d - a potion of might
 e - a potion of agility {unknown}
 g - 3 potions of magic {unknown}
 h - a potion of flight {unknown}
 i - a potion of heal wounds {unknown}
 n - a potion of berserk rage {unknown}
 r - a potion of mutation {unknown}
Comestibles
 f - a bread ration
 m - 2 fruits
 o - a slice of pizza


   Skills:
 + Level 4.2 Fighting
 + Level 2.6 Long Blades
 + Level 3.4 Armour
 - Level 0.8 Dodging
 - Level 0.1 Stealth
 + Level 3.7 Shields


You had 2 spell levels left.
You didn't know any spells.

Dungeon Overview and Level Annotations

Branches:
Dungeon (3/15)

Altars:

Annotations:
D:3 Doomgape's ghost, amateur DgTm; Robin


Message History

You slash the goblin!
You kill the goblin!
The bat barely misses you. The kobold hits you with a dagger.
The kobold barely misses you. The goblin misses you.
You miss the adder. The bat hits you. The kobold hits you but does no damage.
The kobold barely misses you. The adder bites you but does no damage.
The goblin drinks a potion.
The goblin seems to grow stronger.
The adder barely misses you. The kobold misses you. The kobold hits you.
The goblin closely misses you.
You miss the adder. The adder bites you but does no damage.
The kobold closely misses you. The kobold barely misses you.
The goblin hits you. The adder bites you.
* * * LOW HITPOINT WARNING * * *
You barely miss the adder. The kobold barely misses you.
The kobold hits you with a dagger.
* * * LOW HITPOINT WARNING * * *
The adder barely misses you. The goblin misses you. The kobold hits you.
* * * LOW HITPOINT WARNING * * *
The adder bites you.
You die...

##.#.#......##..
#....... #.#.#....###.
#...#.####........##<# #
#...#.##......#####.##
#.#...#.##.###..# #.#
#.......##>###..#####.##
#....b.....#....####.#
#####.gSK..#.##.#.......
.......@K..#.##.#######.
#####.#...........# ## #
##(......##.# #
.........#.# .#
#.....[.....# #
#.######..### # #..#
#...$ ##.##


You could see an adder, a goblin, a bat and 2 kobolds.

Vanquished Creatures
  A giant gecko (D:1)
  A giant cockroach (D:1)
  12 goblins
  6 hobgoblins
  3 jackals (D:1)
  6 kobolds (D:1)
  4 bats
  3 giant newts (D:1)
  3 rats (D:1)
  A plant (D:1)
40 creatures vanquished.

Notes
Turn   | Place    | Note
--------------------------------------------------------------
     0 | D:1      | Darkabus the Hill Orc Fighter began the quest for the Orb.
     0 | D:1      | Reached XP level 1. HP: 19/19 MP: 1/1
   200 | D:1      | Reached XP level 2. HP: 27/27 MP: 2/2
   453 | D:1      | Reached skill level 4 in Fighting
   630 | D:1      | Reached XP level 3. HP: 24/33 MP: 3/3
  1374 | D:2      | Noticed Robin
  1391 | D:3      | Noticed Doomgape's ghost (amateur DgTm)
  1805 | D:2      | HP: 1/33 [kobold (2)]
  1805 | D:2      | Slain by an adder

Skill      XL: |  1  2 |
---------------+-------+-----
Fighting       | 4 |  4.2
Long Blades    | |  2.6
Armour         | |  3.4
Dodging        | |  0.8
Stealth        | |  0.1
Shields        | |  3.7

Action                   || total
-------------------------++-------
Melee: Long sword        ||   166
       Halberd           ||     8
  Use: Scroll            ||     2
  Eat: Bread ration      ||     1
Armor: Scale mail        ||    17
       Robe              ||    57
Dodge: Dodged            ||    87
Block: Shield            ||    96
